 Dungeon Crawl Stone Soup version 0.23.2-1-ga50397a (webtiles) character file.

Game seed: 6973309868429708112

56 Kairos the Shield-Bearer (level 4, 37/37 HPs)
             Began as a Formicid Fighter on Apr 17, 2019.
             Quit the game on level 2 of the Dungeon.
             The game lasted 00:01:36 (1101 turns).

Kairos the Shield-Bearer (Formicid Fighter)         Turns: 1101, Time: 00:01:37

Health: 37/37      AC: 10    Str: 22    XL:     4   Next: 17%
Magic:  4/4        EV:  6    Int:  7    God:
Gold:   120        SH:  9    Dex: 10    Spells: 3/3 levels left

rFire    . . .     SeeInvis +   a - +0 quarterstaff
rCold    . . .     Gourm    .   c - +0 shield
rNeg     . . .     Faith    .   l - +0 chain mail
rPois    .         Spirit   .   (helmet unavailable)
rElec    .         Reflect  .   (no cloak)
rCorr    .         Harm     .   g - +0 pair of gloves
MR       .....                  (no boots)
Stlth    ..........             (no amulet)
HPRegen  0.12/turn              (no ring)
MPRegen  0.09/turn              (no ring)

@: no status effects
A: permanent stasis, dig shafts and tunnels, four strong arms, antennae 3
a: Dig, Shaft Self


You were on level 2 of the Dungeon.
You were hungry.

You visited 1 branch of the dungeon, and saw 2 of its levels.

You collected 120 gold pieces.

Inventory:

Hand Weapons
 a - a +0 quarterstaff (weapon)
Armour
 b - a +0 scale mail
 c - a +0 shield (worn)
 g - a +0 pair of gloves (worn)
 l - a +0 chain mail (worn)
Magical Staves
 r - an uncursed staff of death
Scrolls
 n - a scroll of remove curse
Potions
 d - a potion of might
 j - a potion of agility
 m - a potion of lignification
Comestibles
 f - 6 rations


   Skills:
 + Level 3.8 Fighting
 + Level 2.8 Staves
 + Level 3.8 Armour
 + Level 0.1 Dodging
 + Level 4.0 Shields


You had 3 spell levels left.
You didn't know any spells.
Your spell library was empty.

Dungeon Overview and Level Annotations

Branches:
Dungeon (2/15)

Altars:


Innate Abilities, Weirdness & Mutations

You cannot be hasted, slowed, berserked, paralysed or teleported.
You can dig through walls and to a lower floor.
Your four strong arms can wield two-handed weapons with a shield.
You have a pair of large antennae on your head. (SInv)


Message History

It was a potion of brilliance.
You feel clever all of a sudden.
It was a potion of invisibility.
You fade into invisibility!
You are very lightly contaminated with residual magic.
It was a potion of haste.
Your stasis prevents you from being hasted.
It was a potion of cancellation.
Your magical effects are unravelling.
You feel magically purged.
Your magical contamination has completely faded away.
You feel less wooden.
Your +0 pair of gloves unmelds from your body.
Your +0 chain mail unmelds from your body.
You flicker back into view.
You feel a little less clever now.
You start waiting.
You are feeling hungry.
You start waiting.
Done waiting.
Are you sure you want to abandon this character and quit the game? (Confirm with "yes".)

# ## ############
.# #..........#
.# #..........#
.#########
#..........#
.........#
#..........#
.........#
#.....(....#
.........#
#..........######
.........#
#..@)...........#
.........#
#.........<.....#
.........#
#...............#
.........#
######.##.......#
.#.#######
#.##..##..###
.....#
#.##........#
...#.#
#.....#####.#
...#.#
########### #.#
...#.#
#.).......# #.#


There were no monsters in sight!

Vanquished Creatures
  An adder (D:2)
  An ooze (D:1)
  A worm (D:2)
  2 dart slugs
  5 giant cockroaches
  5 goblins
  5 hobgoblins
  4 bats
  4 frilled lizards
  4 kobolds (D:1)
  2 rats
34 creatures vanquished.

Notes
Turn   | Place    | Note
-------+----------+-------------------------------------------
     0 | D:1      | Kairos the Formicid Fighter began the quest for the Orb.
     0 | D:1      | Reached XP level 1. HP: 18/18 MP: 1/1
   117 | D:1      | Reached XP level 2. HP: 19/24 MP: 2/2
   222 | D:1      | Reached XP level 3. HP: 28/30 MP: 3/3
   501 | D:2      | Reached skill level 4 in Shields
   705 | D:2      | Reached XP level 4. HP: 33/37 MP: 4/4
  1101 | D:2      | Quit the game

Skill      XL: |  1  2  3 |
---------------+----------+-----
Shields        | 4 |  4.0
Fighting       | |  3.8
Staves         | |  2.8
Armour         | |  3.8
Dodging        | |  0.1

Action                   |  1- 3 |  4- 6 || total
-------------------------+-------+-------++-------
Melee: Quarterstaff      |    95 |    14 ||   109
  Use: Scroll            |       |     5 ||     5
       Potion            |       |     5 ||     5
Armor: Scale mail        |    17 |       ||    17
       Chain mail        |    30 |     4 ||    34
Dodge: Dodged            |    19 |     4 ||    23
Block: Shield            |    59 |     6 ||    65
